Map: Automaton LE

Players

NiteGuard

  • Race: Terran Terran
  • League: Gold
  • Spawn Location: 9:00

Odin - Winner!

  • Race: Protoss Protoss
  • League: Platinum
  • Spawn Location: 3:00

VOD

Have the link to the VOD?

Description

Time

  • Played on: Dec. 24, 2018, 3:18 a.m.
  • Length: 3:28
Show
View Real Time Build Order
Export as new Build Order

NiteGuard Terran 

Build Orders:  

Get SALT Encoding   

  12  0:01  SCV  
  13  0:13  SCV  
  14  0:18  Supply Depot  
  14  0:25  SCV  
  15  0:40  SCV  
  15  0:41  Barracks  
  16  0:47  Refinery  
  16  0:52  SCV  
  17  1:04  SCV  
  18  1:16  SCV  
  19  1:19  Barracks  
  19  1:28  SCV  
  19  1:29  Supply Depot  
  19  1:31  Barracks Reactor  
  20  1:54  Orbital Command  
  20  2:09  Engineering Bay  
  20  2:10  Barracks Tech Lab  
  20  2:13  Marine x2  
  22  2:23  SCV  
  22  2:28  Marine  
  24  2:31  Marine x2  
  24  2:33  Supply Depot  
  26  2:43  SCV  
  27  2:47  Marine  
  28  2:53  Marine x2  
  30  3:07  Missile Turret  
  30  3:09  Refinery  
Show
View Real Time Build Order
Export as new Build Order

Odin Protoss - Winner!

Build Orders:  

Get SALT Encoding   

  12  0:03  Probe  
  13  0:19  Pylon  
  13  0:20  Probe  
  13  0:28  Probe  
  15  0:43  Gateway  
  15  0:51  Pylon  
  15  0:52  Probe  
  16  1:02  Assimilator  
  16  1:03  Probe  
  16  1:06  Assimilator  
  17  1:11  Probe  
  17  1:18  Assimilator  
  18  1:19  Probe  
  19  1:36  Cybernetics Core  
  19  1:37  Probe  
  20  1:45  Pylon  
  20  1:57  Probe  
  21  2:07  Probe  
  22  2:15  Probe  
  22  2:17  Robotics Facility  
  22  2:22  Adept  
  26  3:03  Gateway x2  
  29  3:22  Pylon  
Tags
 
Add a new tag
Caveats
  • Supply blocks, unpowered buildings, or Contaminate may cause inaccurate times.
  • Supply counts are checked every 10 seconds.